AoeStats
← danigomezrinaldi

Arabia

510625976Analyzed
1v1 RM · 15h ago on Oct 1, 2026· 36m 29s· 2 players
Game mode
Random Map
Map size
Tiny (2 player)
Population
200
Speed
Normal
Resources
Standard
Victory
Conquest
Starting age
Dark Age
Ending age
Imperial Age
RankedLock teamsTeams togetherTeam positionsShared explorationLock speedFull tech treeHidden civsTurbo modeCheats
Victory
Defeat
🇦🇷 Franks · Argentina
964
+16
🇺🇸 Bohemians · United States
962
-16
exki6160
11:26 Feudal Age
12:18 Loom
16:25 Castle Age
15:03 Horse Collar
26:03 Double-Bit Axe
29:49 Loom
33:27 Pikeman
danigomezrinaldi
11:06 Loom
12:52 Feudal Age
14:38 Double-Bit Axe
17:34 Castle Age
16:02 Gold Mining
16:22 Stone Mining
18:53 Bow Saw
26:48 Wheelbarrow
36:18 Imperial Age
35:16 Scale Barding Armor
35:21 Forging
Connection lost

Rejoining the realm…

Still unreachable

The connection could not be restored.

Session expired

The server has moved on; the page needs a fresh start.